 Dungeon Crawl Stone Soup version 0.29-a0-355-g7276a9ff7f (webtiles) character file.

Game seed: 5067284277425700997

133457 Flugkiller the Nimble (level 17, -6/124 HPs)
             Began as an Octopode Cinder Acolyte on Apr 25, 2022.
             Was an Initiate of Gozag.
             Mangled by a fenstrider witch (8 damage)
             ... while paralysed by a fenstrider witch
             ... on level 3 of the Swamp.
             The game lasted 00:53:58 (36247 turns).

Flugkiller the Nimble (Octopode Cinder Acolyte)    Turns: 36247, Time: 00:53:59

Health: -6/124     AC:  4    Str: 13    XL:     17   Next: 14%
Magic:  0/35       EV:  2    Int: 22    God:    Gozag
Gold:   5853       SH:  0    Dex: 33    Spells: 15/28 levels left

rFire   + + +      SeeInvis .   a - +9 lance "Wyrmbane" {slay drac, rPois rF+ rC+ AC+3}
rCold   + + .      Faith    .   W - +2 kite shield "Hugroati" {rN+ Int+4}
rNeg    + . .      Spirit   +   (helmet restricted)
rPois   +          Reflect  .   N - amulet "Nusmiudu" {Spirit rF++ Dex+7}
rElec   .          Harm     .   n - +6 ring of dexterity
rCorr   .          Rampage  .   p - ring of protection from fire
Will    ++...                   Q - ring of ice
Stlth   +++++.....              H - ring "Laemem" {Will+ Dex+6}
HPRegen 0.30/turn               C - ring of magical power
MPRegen 0.24/turn               o - ring of poison resistance
                                v - +4 ring of evasion
                                (no ring)

@: paralysed, gold aura
A: almost no armour, amphibious, 8 rings, camouflage 1, gelatinous body 1,
(nimble swimmer 1), tentacles
a: Renounce Religion, Potion Petition, Call Merchant, Bribe Branch


You were on level 3 of the Swamp.
You worshipped Gozag.
Gozag was greatly pleased with you.
You visited 4 branches of the dungeon, and saw 26 of its levels.
You also visited: Gauntlet, Ice Cave and Volcano.

You collected 8716 gold pieces.
You paid 2863 gold pieces to Gozag.

Inventory:

Hand Weapons
 a - the +9 lance "Wyrmbane" (weapon) {slay drac, rPois rF+ rC+ AC+3}
   (You took it off Maggie on level 7 of the Dungeon)

   It inflicts extra damage against dragons and draconians.
   AC:        It affects your AC (+3).
   rF:        It protects you from fire.
   rC:        It protects you from cold.
   rPois:     It protects you from poison.
 b - the +8 hand crossbow "Beastbane" {vorpal, Int+3}
   (You found it on level 6 of the Dungeon)

   Any ammunition fired from it inflicts extra damage upon your enemies.
   Int:       It affects your intelligence (+3).
Missiles
 c - 8 curare-tipped darts (quivered)
 x - 5 silver javelins
Armour
 S - the +18 shield of the Gong {rElec rN+ Will+ EV-5}
   (You found it in a Gauntlet)

   It is deafeningly noisy when blocking attacks.
   EV:        It affects your evasion (-5).
   rElec:     It insulates you from electricity.
   rN:        It protects you from negative energy.
   Will:      It increases your willpower.
 W - the +2 kite shield "Hugroati" (worn) {rN+ Int+4}
   (You acquired it on level 1 of the Lair of Beasts)

   Int:       It affects your intelligence (+4).
   rN:        It protects you from negative energy.
Jewellery
 n - a +6 ring of dexterity (left tentacle)
   (You found it on level 2 of the Dungeon)
 o - a ring of poison resistance (on tentacle)
   (You found it on level 6 of the Lair of Beasts)
 p - a ring of protection from fire (right tentacle)
   (You found it on level 1 of the Dungeon)
 v - a +4 ring of evasion (on tentacle)
   (You found it on level 11 of the Dungeon)
 C - a ring of magical power (on tentacle)
   (You found it in a Gauntlet)
 H - the ring "Laemem" (on tentacle) {Will+ Dex+6}
   (You found it in a Gauntlet)

   [ring of dexterity]

   Dex:       It affects your dexterity (+6).
   Will:      It increases your willpower.
 N - the amulet "Nusmiudu" (around mantle) {Spirit rF++ Dex+7}
   (You took it off a minotaur in a Gauntlet)

   [amulet of guardian spirit]

   It causes incoming damage to be divided between your reserves of health and
   magic.
   Dex:       It affects your dexterity (+7).
   rF:        It greatly protects you from fire.
 Q - a ring of ice (on tentacle)
   (You found it on level 1 of the Lair of Beasts)
Wands
 j - a wand of paralysis (27)
   (You found it on level 8 of the Dungeon)
 A - a wand of digging (24)
   (You found it on level 5 of the Dungeon)
 K - a wand of acid (3)
   (You took it off Sonja on level 12 of the Dungeon)
 O - a wand of iceblast (14)
   (You found it on level 9 of the Dungeon)
 R - a wand of charming (19)
   (You found it on level 1 of the Lair of Beasts)
 U - a wand of mindburst (7)
   (You found it in a Gauntlet)
Scrolls
 i - 2 scrolls of fear
 m - 2 scrolls of vulnerability
 r - 10 scrolls of identify
 s - 2 scrolls of torment
 t - 4 scrolls of teleportation
 u - 5 scrolls of silence
 y - 8 scrolls of immolation
 z - 2 scrolls of blinking
 B - 3 scrolls of holy word
 D - 3 scrolls of magic mapping
 G - 4 scrolls of fog
 L - 2 scrolls of summoning
 V - a scroll of enchant armour
Potions
 d - 9 potions of might
 e - 3 potions of ambrosia
 f - 5 potions of lignification
 g - 2 potions of brilliance
 h - a potion of haste
 k - 6 potions of attraction
 l - 6 potions of flight
 q - 7 potions of curing
 w - 2 potions of heal wounds
 E - 2 potions of berserk rage
 F - a potion of magic
 I - a potion of cancellation
 J - a potion of resistance {unknown}
 M - 4 potions of mutation
Miscellaneous
 P - a condenser vane
   (You found it on level 1 of the Lair of Beasts)
 T - a box of beasts
   (You found it in a Gauntlet)
 X - a phial of floods (inert)
   (You found it on level 3 of the Lair of Beasts)
 Z - a phantom mirror
   (You found it on level 6 of the Lair of Beasts)


   Skills:
 + Level 13.9 Fighting
 - Level 12.0 Polearms
 - Level 6.7 Crossbows
 - Level 14.0 Dodging
 - Level 5.0 Stealth
 - Level 14.0 Shields
 - Level 6.0 Spellcasting
 - Level 5.0 Conjurations
 + Level 3.3 Transmutations
 - Level 3.0 Fire Magic
 - Level 5.1 Ice Magic
 - Level 5.1 Air Magic
 + Level 3.2 Earth Magic
 - Level 8.0 Evocations


You had 15 spell levels left.
You knew the following spells:

 Your Spells              Type           Power      Damage    Failure   Level
a - Scorch                Fire           38%        2d6       8%          2
b - Freezing Cloud        Conj/Ice/Air   21%        6-21      50%         5
c - Statue Form           Tmut/Erth      14%        N/A       100%        6

Your spell library contained the following spells:

 Spells                   Type           Power      Damage    Failure   Level
 Shock                    Conj/Air       100%       1d9       1%          1
 Sandblast                Erth           42%        2d11      4%          1
 Swiftness                Air            29%        N/A       6%          3
 Passwall                 Tmut/Erth      17%        N/A       7%          2
 Corpse Rot               Necr/Air       34%        N/A       9%          2
 Poisonous Vapours        Pois/Air       34%        N/A       9%          2
 Stone Arrow              Conj/Erth      50%        3d10      9%          3
 Animate Skeleton         Necr           12%        N/A       17%         1
 Pain                     Necr           24%        1d5       17%         1
 Slow                     Hex            24%        N/A       17%         1
 Airstrike                Air            14%        N/A       21%         4
 Inner Flame              Hex/Fire       13%        N/A       26%         3
 Petrify                  Tmut/Erth      21%        N/A       41%         4
 Confusing Touch          Hex            6%         N/A       45%         3
 Portal Projectile        Hex/Tloc       12%        N/A       45%         3
 Vampiric Draining        Necr           6%         2d6       45%         3
 Fulminant Prism          Conj/Hex       8%         3d7       52%         4
 Iskenderun's Mystic Bla  Conj/Tloc      17%        2d5       52%         4
 Blade Hands              Tmut           10%        N/A       77%         5
 Lee's Rapid Deconstruct  Erth           10%        3d9*      77%         5
 Silence                  Hex/Air        8%         N/A       85%         5
 Cause Fear               Hex            3%         N/A       86%         4
 Passage of Golubria      Tloc           6%         N/A       86%         4
 Metabolic Englaciation   Hex/Ice        13%        N/A       86%         5
 Excruciating Wounds      Necr           3%         N/A       99%         5
 Summon Forest            Summ/Tloc      3%         N/A       99%         5
 Iron Shot                Conj/Erth      12%        9d3       99%         6
 Dispersal                Tloc           3%         N/A       100%        6
 Eringya's Noxious Bog    Tmut/Pois      6%         N/A       100%        6
 Simulacrum               Ice/Necr       13%        N/A       100%        6
 Summon Hydra             Summ           3%         N/A       100%        7
 Borgnjor's Revivificati  Necr           3%         N/A       100%        8
 Discord                  Hex            3%         N/A       100%        8
 Disjunction              Tloc           3%         N/A       100%        8
 Lehudib's Crystal Spear  Conj/Erth      12%        10d4      100%        8
 Necromutation            Tmut/Necr      6%         N/A       100%        8
 Death's Door             Necr           3%         N/A       100%        9
 Polar Vortex             Ice            21%        N/A       100%        9
 Animate Armour           Summ/Erth      Unusable   N/A       N/A         4

Dungeon Overview and Level Annotations

Branches:
Dungeon (15/15)            Temple (0/1) D:6            Lair (6/6) D:10
  Swamp (3/4) Lair:4        Snake (0/4) Lair:3        Slime (0/5) Lair:6
    Orc (2/2) D:9             Elf (0/3) Orc:2        Vaults (0/5) D:14
 Depths (0/4) D:15          IceCv (visited)         Volcano (visited)
Gauntlet (visited)

Altars:
Ashenzari
Cheibriados
Fedhas
Gozag
Hepliaklqana
Nemelex Xobeh
Okawaru
Qazlal
Uskayaw
Beogh
Jiyva

Shops:
D:10 (   Orc:2 [:[:*[=*

Portals:
Trove: D:15 (give 14 potions of heal wounds)

Annotations:
D:3 1 runed translucent door, Crazy Yiuf
D:4 Dowan, Duvessa
D:5 exclusion: ice beast
D:6 4 runed translucent doors, exclusion: vampire
D:7 3 runed translucent doors, Morbidden's ghost, novice DsFi; dricus's ghost, novice GnWn
D:8 exclusion: hornet
Lair:5 3 runed translucent doors, Wiypapt's ghost, journeyman DjCj


Innate Abilities, Weirdness & Mutations

You cannot wear most types of armour.
You are amphibious.
You can wear up to eight rings at the same time.
Your skin changes colour to match your surroundings (Stealth+).
Your rubbery body absorbs attacks. (AC +1, EV +1)
((You are camouflaged when in or above water. (Stealth+)))
You have tentacles for arms and can constrict up to eight enemies at once.


Message History

You start waiting.
Done waiting.
A tyrant leech comes into view.
Found a stone staircase leading up.
A tyrant leech is nearby!
You puncture the tyrant leech!
The tyrant leech is lightly wounded.
The tyrant leech bites you!
The tyrant leech draws strength from your injuries!
You hit the tyrant leech.
The tyrant leech is lightly wounded.
You puncture the tyrant leech!
The tyrant leech is moderately wounded.
You block the tyrant leech's attack.
You hit the tyrant leech.
The tyrant leech is moderately wounded.
You puncture the tyrant leech!
The tyrant leech is heavily wounded.
The tyrant leech misses you.
You puncture the tyrant leech! You squeeze the tyrant leech.
The tyrant leech is severely wounded.
You barely miss the tyrant leech.
The tyrant leech is severely wounded.
The tyrant leech completely misses you.
You hit the tyrant leech but do no damage.
Your squeeze misses the tyrant leech.
The tyrant leech is severely wounded.
You closely miss the tyrant leech.
The tyrant leech is severely wounded.
The tyrant leech closely misses you.
You closely miss the tyrant leech. You squeeze the tyrant leech.
The tyrant leech is severely wounded.
The goliath frog misses you.
You miss the tyrant leech.
The tyrant leech is severely wounded.
The tyrant leech bites you!!
The tyrant leech draws strength from your injuries!
You barely miss the tyrant leech. Your squeeze misses the tyrant leech.
The tyrant leech is severely wounded.
The goliath frog completely misses you.
You hit the tyrant leech. You squeeze the tyrant leech!
The tyrant leech is almost dead.
You block the goliath frog's attack. The tyrant leech completely misses you.
You puncture the tyrant leech!
You kill the tyrant leech!
You block the goliath frog's attack.
You reach to attack!
You puncture the goliath frog!
The goliath frog is moderately wounded.
You reach to attack!
You closely miss the goliath frog.
The goliath frog is moderately wounded.
The goliath frog hits you from afar.
You are splashed with acid!
You reach to attack!
You puncture the goliath frog!
The goliath frog is heavily wounded.
The goliath frog misses you.
You reach to attack!
You puncture the goliath frog!
The goliath frog is heavily wounded.
You reach to attack!
You puncture the goliath frog!
The goliath frog is almost dead.
The goliath frog misses you.
You reach to attack!
You closely miss the goliath frog.
The goliath frog is almost dead.
The goliath frog completely misses you.
You reach to attack!
You puncture the goliath frog!
You kill the goliath frog!
Your condenser vane has recharged.
No target in view!
No target in view!
No target in view!
No target in view!
Found a stone staircase leading down.
You now have 5847 gold pieces (gained 16).
You now have 5853 gold pieces (gained 6).
A fenstrider witch comes into view.
The fenstrider witch shouts!
The fenstrider witch is distracted by your dazzling golden aura.
There is a stone staircase leading up here.
You start resting.
A bunyip comes into view.
A bunyip is nearby!
The bunyip gives a hideous shriek!
The fenstrider witch shouts!
The bunyip claws you!! The bunyip completely misses you.
You block the bunyip's attack.
The fenstrider witch gestures at you while chanting.
You suddenly lose the ability to move!
The bunyip claws you but does no damage.
The bunyip claws you!! x2
* * * LOW HITPOINT WARNING * * *
The fenstrider witch hits you.
* * * LOW HITPOINT WARNING * * *
The fenstrider witch kicks you.
* * * LOW HITPOINT WARNING * * *
The fenstrider witch hits you!
* * * LOW HITPOINT WARNING * * *
The fenstrider witch kicks you but does no damage.
The fenstrider witch hits you!!
* * * LOW HITPOINT WARNING * * *
The fenstrider witch kicks you!
You die...
Your body crumbles into a pile of gold.

§.≈.≈ ..§..H ♣..≈♣
≈.≈...≈ ...♣♣.≈.≈≈.≈
♣♣.≈.≈.≈.....
♣♣..≈≈≈≈≈≈...≈
♣♣♣♣♣♣♣.≈≈≈≈≈≈≈≈≈...
♣♣≈≈♣≈♣≈.≈≈≈≈≈≈≈≈≈≈≈.
♣≈≈≈...♣.≈≈≈≈H.≈≈≈≈♣
♣.≈≈...♣≈≈≈≈.@.≈≈≈≈♣
♣≈<≈♣♣♣♣.≈≈≈≈≈x≈≈≈≈♣
♣♣♣♣♣ ♣.≈≈≈≈≈≈≈≈≈≈♣
♣.≈≈≈≈≈≈§≈≈.♣
♣♣.≈≈≈≈≈≈≈....
♣♣.≈.≈.....♣.
.≈≈≈≈≈§.♣♣♣
♣♣.≈≈≈≈.>♣


You could see a bunyip and a fenstrider witch.

Vanquished Creatures
  Frances (Swamp:1)
  Donald (Swamp:1)
  Roxanne (Swamp:1)
  A reaper (IceCv)
  A stone giant (D:15)
  3 eleionomae
  A minotaur (Gauntlet)
  A great orb of eyes (Gauntlet)
  A yaktaur captain (D:14)
  11 hydras
  3 boulder beetles
  Erolcha (D:12)
  A catoblepas (Lair:5)
  A ghost crab (Swamp:2)
  2 ogre magi
  7 centaur warriors
  A death knight (D:15)
  A jorogumo (shapeshifter) (D:15)
  9 two-headed ogres
  6 death yaks (Lair:6)
  10 alligators
  A tengu warrior (D:15)
  9 orc high priests (Orc:2)
  A hell knight (D:15)
  Sonja (D:12)
  Nergalle (Orc:1)
  A deep troll (D:15)
  3 goliath frogs
  A swamp dragon (Swamp:1)
  A bog body (Swamp:2)
  A spriggan druid (Swamp:1)
  A wizard (D:15)
  Pikel (D:9)
  A lindwurm (Lair:6)
  A deep elf pyromancer (D:14)
  An oklob plant (Gauntlet)
  2 orc knights (Orc:1)
  A wolf spider (Lair:6)
  5 ugly things
  2 manticores
  2 orc sorcerers
  7 cyclopes
  A salamander (Volcano)
  A will-o-the-wisp (Lair:4)
  18 elephants
  A guardian serpent (Lair:6)
  5 gargoyles
  2 torpor snails (Lair:6)
  15 black mambas
  An ice statue (IceCv)
  Maggie (D:7)
  19 cane toads
  2 rime drakes
  2 efreet (D:15)
  An unseen horror (D:13)
  Psyche (D:8)
  2 kobold demonologists (D:13)
  A tengu conjurer (D:15)
  An ice devil (IceCv)
  3 freezing wraiths
  2 yaktaurs (D:14)
  An entropy weaver simulacrum (IceCv)
  13 komodo dragons
  2 trolls
  8 polar bears
  7 hornets
  10 tyrant leeches
  A bloated husk (Swamp:3)
  15 blink frogs
  9 dream sheep (Lair:5)
  10 slime creatures
  A centaur simulacrum (D:14)
  Sigmund (D:6)
  2 water elementals
  6 spriggans
  3 shadows
  55 yaks
  3 wraiths
  9 wyverns
  3 basilisks
  14 fire elementals
  4 redbacks
  2 steam dragons
  A human (shapeshifter) (D:14)
  A death yak simulacrum (IceCv)
  7 wargs
  10 vampire mosquitoes
  3 nagas (Lair:3)
  9 swamp worms
  7 acid dragons
  27 water moccasins
  21 orc warriors
  A sky beast (D:8)
  4 ice beasts
  A swamp drake (Swamp:1)
  2 black bears
  13 centaurs
  8 ogres
  4 lemures (D:9)
  19 wolves
  2 phantoms (D:6)
  7 kobold brigands
  Blork the orc (D:5)
  A cane toad simulacrum (IceCv)
  4 two-headed ogre simulacra (IceCv)
  16 bullfrogs
  A scorpion (D:6)
  A gnoll sergeant (D:10)
  24 wights
  3 elephant simulacra (IceCv)
  8 killer bees
  An electric eel (D:12)
  A howler monkey (D:4)
  5 hounds
  33 orc priests
  3 jellies
  2 gnoll shamans
  An iguana (D:6)
  24 orc wizards
  A polar bear simulacrum (IceCv)
  6 spriggan simulacra (IceCv)
  5 troll simulacra (IceCv)
  6 wolf simulacra (IceCv)
  13 gnolls
  5 naga simulacra (IceCv)
  10 adders
  A shadow imp (D:6)
  8 white imps
  11 ufetubi
  A worm (D:3)
  3 dart slugs
  87 orcs
  5 endoplasms
  2 giant cockroaches
  6 goblins
  3 hobgoblins
  8 jackals
  26 kobolds
  3 quokkas
  5 ball pythons
  3 bats
  3 frilled lizards
  25 rats
888 creatures vanquished.

Vanquished Creatures (collateral kills)
  A boulder beetle (Lair:5)
  A hydra (Lair:5)
  An orc (Orc:2)
3 creatures vanquished.

Vanquished Creatures (others)
  A wolf spider (Gauntlet)
  A bloated husk (Swamp:1)
  A centaur (D:15)
  An orc priest (D:8)
  An orc wizard (D:11)
  An orc (D:12)
  A bush (Lair:6)
  40 foxfires
  50 fungi
  66 plants
  6 withered plants (D:7)
169 creatures vanquished.

Grand Total: 1060 creatures vanquished

Notes
Turn   | Place    | Note
-------+----------+-------------------------------------------
     0 | D:1      | Flugkiller the Octopode Cinder Acolyte began the quest for
                  | the Orb.
     0 | D:1      | Reached XP level 1. HP: 16/16 MP: 2/2
   410 | D:1      | Reached skill level 1 in Stealth
   631 | D:1      | Reached skill level 1 in Dodging
   631 | D:1      | Reached XP level 2. HP: 21/21 MP: 3/3
  1062 | D:2      | Reached XP level 3. HP: 26/26 MP: 4/4
  1156 | D:2      | You fall into a shaft and drop 1 floor!
  1892 | D:2      | Found a sparkling altar of Nemelex Xobeh.
  2166 | D:3      | Reached XP level 4. HP: 22/31 MP: 5/5
  2413 | D:3      | Found a broken altar of Ashenzari.
  2956 | D:3      | Found a runed translucent door.
  2957 | D:3      | Noticed Crazy Yiuf
  3226 | D:4      | Reached XP level 5. HP: 32/36 MP: 6/6
  3318 | D:4      | Noticed Duvessa
  3318 | D:4      | Noticed Dowan
  3908 | D:5      | Entered Level 5 of the Dungeon
  3929 | D:5      | Reached skill level 5 in Stealth
  4077 | D:5      | Noticed Blork the orc
  4246 | D:5      | Killed Blork the orc
  4247 | D:5      | Reached XP level 6. HP: 5/42 MP: 7/7
  4508 | D:4      | Learned a level 2 spell: Scorch
  4610 | D:5      | Noticed an ice beast
  4749 | D:5      | Killed an ice beast
  4750 | D:5      | Reached skill level 5 in Dodging
  5343 | D:5      | Found a hazy altar of Hepliaklqana.
  5406 | D:5      | Reached XP level 7. HP: 48/48 MP: 8/8
  5763 | D:6      | Reached skill level 5 in Fighting
  5826 | D:6      | Found a snail-covered altar of Cheibriados.
  5847 | D:6      | Reached skill level 1 in Evocations
  6083 | D:6      | Found a blossoming altar of Fedhas.
  6100 | D:6      | Identified the +8 hand crossbow "Beastbane" {vorpal, Int+3}
  6170 | D:6      | Found a large runed translucent door.
  6171 | D:6      | Found a large runed translucent door.
  6175 | D:6      | Noticed a gargoyle
  6175 | D:6      | Noticed a wraith
  6186 | D:6      | Found a large runed translucent door.
  6186 | D:6      | Found a large runed translucent door.
  6205 | D:6      | Found a staircase to the Ecumenical Temple.
  6228 | D:6      | Reached skill level 1 in Crossbows
  6228 | D:6      | Reached XP level 8. HP: 39/56 MP: 7/9
  6877 | D:6      | Reached skill level 5 in Crossbows
  6890 | D:6      | Noticed a vampire
  7018 | D:6      | Noticed Sigmund
  7021 | D:6      | Killed Sigmund
  7022 | D:6      | Reached skill level 5 in Evocations
  7125 | D:7      | Noticed a wraith
  7130 | D:7      | Killed a wraith
  7131 | D:7      | Reached XP level 9. HP: 35/62 MP: 5/10
  7387 | D:7      | Found a runed translucent gate.
  7387 | D:7      | Found a runed translucent gate.
  7387 | D:7      | Found a runed translucent gate.
  7388 | D:7      | Noticed Morbidden's ghost (novice DsFi)
  7389 | D:7      | Noticed dricus's ghost (novice GnWn)
  7526 | D:7      | Found a stormy altar of Qazlal.
  7552 | D:7      | Noticed Maggie
  7563 | D:7      | Killed Maggie
  7848 | D:7      | Found an iron altar of Okawaru.
  8378 | D:8      | Noticed a four-headed hydra
  8604 | D:8      | Reached XP level 10. HP: 71/71 MP: 11/11
  8618 | D:8      | Noticed Psyche
  8789 | D:8      | Killed Psyche
  8790 | D:8      | Reached skill level 5 in Polearms
  8989 | D:8      | Killed a four-headed hydra
 10399 | D:9      | Reached XP level 11. HP: 72/76 MP: 10/12
 10452 | D:9      | Found an opulent altar of Gozag.
 10454 | D:9      | Found a hide-covered altar of Uskayaw.
 10516 | D:9      | Noticed Pikel
 10569 | D:9      | Killed Pikel
 10917 | D:9      | Found a staircase to the Orcish Mines.
 11064 | D:9      | Noticed a two-headed ogre
 11103 | D:9      | Killed a two-headed ogre
 11146 | D:9      | Reached skill level 10 in Dodging
 11521 | D:10     | Entered Level 10 of the Dungeon
 11531 | D:9      | Identified a scroll of acquirement
 11565 | D:10     | Found Tyon's Antique Weapon Shoppe.
 11573 | D:10     | Found a staircase to the Lair.
 11591 | D:10     | Noticed a two-headed ogre
 11625 | D:10     | Killed a two-headed ogre
 11715 | D:10     | Noticed a two-headed ogre
 11727 | D:10     | Killed a two-headed ogre
 11946 | D:10     | Noticed a boulder beetle
 11965 | D:10     | Killed a boulder beetle
 12365 | D:10     | Noticed a six-headed hydra
 12379 | D:10     | Killed a six-headed hydra
 13117 | D:11     | Noticed a centaur warrior
 13169 | Lair:1   | Entered Level 1 of the Lair of Beasts
 13184 | Lair:1   | Noticed a six-headed hydra
 13241 | Lair:1   | Killed a six-headed hydra
 13634 | Lair:1   | Reached XP level 12. HP: 69/86 MP: 10/13
 13998 | Lair:1   | Reached skill level 10 in Fighting
 14552 | Lair:1   | Acquired the +2 kite shield "Hugroati" {rN+ Int+4}
 14686 | Lair:2   | Found a gate leading to a gauntlet.
 14695 | Gauntlet | Entered a Gauntlet
 14695 | Gauntlet | Found a transporter.
 14695 | Gauntlet | Found a transporter.
 14695 | Gauntlet | Found a transporter.
 14699 | Gauntlet | Found a transporter.
 14704 | Gauntlet | Noticed a death yak
 14707 | Gauntlet | Noticed a death yak
 14709 | Gauntlet | Found a transporter.
 14709 | Gauntlet | Noticed a death yak
 14711 | Gauntlet | Found a transporter.
 14713 | Gauntlet | Found a transporter.
 14715 | Gauntlet | Noticed a death scarab
 14724 | Gauntlet | Noticed a death scarab
 14726 | Gauntlet | Found the +3 pair of seven-league boots {Rampage+∞}
 14728 | Gauntlet | Found a transporter.
 14729 | Gauntlet | Found a transporter.
 14737 | Gauntlet | Noticed an entropy weaver
 14747 | Gauntlet | Found a transporter.
 14753 | Gauntlet | Noticed a great orb of eyes
 14759 | Gauntlet | Found the +18 shield of the Gong {rElec rN+ Will+ EV-5}
 14763 | Gauntlet | Found a transporter.
 14765 | Gauntlet | Found a transporter.
 15453 | Gauntlet | Identified the +0 barding of the Noxious God {rF+ rCorr
                  | Int+2}
 15459 | Gauntlet | Reached skill level 1 in Shields
 15485 | Gauntlet | Paralysed by a great orb of eyes for 6 turns
 15496 | Gauntlet | Killed a great orb of eyes
 15517 | Gauntlet | Identified the ring "Laemem" {Will+ Dex+6}
 15678 | Gauntlet | Identified the amulet "Etuzesyo" {Faith rF+ rC- Str+2}
 15888 | Gauntlet | Identified the amulet "Nusmiudu" {Spirit rF++ Dex+7}
 15888 | Gauntlet | Noticed a minotaur
 15898 | Gauntlet | Killed a minotaur
 15899 | Gauntlet | Reached skill level 10 in Polearms
 16045 | Gauntlet | Identified the +4 scale mail of Whack-A-Mole {+Inv Will+
                  | Int-3 Stlth+}
 17305 | Lair:3   | Found a staircase to the Snake Pit.
 17358 | Lair:3   | Reached skill level 5 in Shields
 17643 | Lair:3   | Reached XP level 13. HP: 95/95 MP: 14/14
 18107 | D:9      | Fell from the grace of Ignis
 18107 | D:9      | Became a worshipper of Gozag Ym Sagoz the Greedy
 19192 | Lair:4   | Found a staircase to the Swamp.
 19383 | Lair:4   | You fall into a shaft and drop 2 floors!
 19383 | Lair:6   | Entered Level 6 of the Lair of Beasts
 19383 | Lair:6   | Found a runed translucent door.
 19383 | Lair:6   | Found a viscous altar of Jiyva.
 19452 | Lair:6   | Found a dark tunnel.
 19459 | Volcano  | Entered a volcano
 20324 | Lair:4   | Was forgiven by Ignis
 20809 | Lair:5   | Reached skill level 10 in Shields
 20821 | Lair:5   | Reached XP level 14. HP: 57/103 MP: 13/15
 21734 | Lair:5   | Found a runed translucent gate.
 21734 | Lair:5   | Found a runed translucent gate.
 21734 | Lair:5   | Found a runed translucent gate.
 22148 | Lair:5   | Noticed Wiypapt's ghost (journeyman DjCj)
 23992 | Lair:6   | Found a staircase to the Slime Pits.
 24018 | Lair:6   | Reached XP level 15. HP: 110/110 MP: 16/16
 25611 | D:12     | Found a frozen archway.
 25620 | IceCv    | Entered an ice cave
 26808 | D:12     | Noticed Erolcha
 26828 | D:12     | Killed Erolcha
 27097 | D:12     | Noticed Sonja
 27130 | D:12     | Killed Sonja
 27645 | D:12     | Learned a level 5 spell: Freezing Cloud
 27830 | D:13     | Reached skill level 1 in Conjurations
 27830 | D:13     | Reached skill level 1 in Ice Magic
 27830 | D:13     | Reached skill level 1 in Air Magic
 28943 | D:14     | Found a gate to the Vaults.
 29611 | D:14     | Reached XP level 16. HP: 103/117 MP: 20/20
 30183 | D:15     | Entered Level 15 of the Dungeon
 30517 | D:15     | Found a portal to a secret trove of treasure.
 30600 | D:15     | Found a sparkling altar of Nemelex Xobeh.
 31508 | D:15     | Found a staircase to the Depths.
 31784 | Orc:1    | Entered Level 1 of the Orcish Mines
 31827 | Orc:1    | Noticed Nergalle
 31837 | Orc:1    | Killed Nergalle
 32476 | Orc:2    | Entered Level 2 of the Orcish Mines
 32691 | Orc:2    | Found Yntyrcho's Book Shop.
 32724 | Orc:2    | Found Edui's Antique Armour Emporium.
 33066 | Orc:2    | Found a staircase to the Elven Halls.
 33172 | Orc:2    | Found Yvvuynta's Gadget Gallery.
 33328 | Orc:2    | Found Fiolusty's Armour Emporium.
 33366 | Orc:2    | Found Qempunt's Book Shop.
 33573 | Orc:2    | Reached skill level 5 in Air Magic
 33580 | Orc:2    | Reached skill level 5 in Ice Magic
 33946 | Swamp:1  | Entered Level 1 of the Swamp
 34004 | Swamp:1  | Reached skill level 5 in Conjurations
 34249 | Swamp:1  | Noticed Roxanne
 34276 | Swamp:1  | Reached skill level 5 in Spellcasting
 34377 | Swamp:1  | Noticed Frances
 34394 | Swamp:1  | Killed Frances
 34453 | Swamp:1  | Noticed Donald
 34472 | Swamp:1  | Killed Donald
 35118 | Swamp:1  | Killed Roxanne
 35157 | Swamp:1  | Learned a level 6 spell: Statue Form
 35246 | Swamp:2  | Reached skill level 1 in Transmutations
 35246 | Swamp:2  | Reached skill level 1 in Earth Magic
 35293 | Swamp:2  | Reached XP level 17. HP: 122/123 MP: 26/26
 36243 | Swamp:3  | Paralysed by a fenstrider witch for 6 turns
 36247 | Swamp:3  | HP: 2/124 [fenstrider witch (17)]
 36247 | Swamp:3  | Mangled by a fenstrider witch

Illustrated notes

Levels and vault maps discovered:
D:1:      roderic_crop_circles_arrival_small, layout_basic
D:2:      layout_basic, basic_altar, serial_bayou_pond_a, minmay_heptomino_h4
D:3:      layout_loops_corners, mainiacjoe_overflow_alcove_2,
          uniq_crazy_yiuf_cottage
D:4:      layout_loops_ring, minmay_rat_hole, uniq_duvessa
D:5:      layout_basic, nicolae_overflow_crystal_walls, uniq_blork_the_orc
D:6:      layout_basic, cheibriados_altar_1, mainiacjoe_overflow_cross_hatched,
          minmay_temple_entry_overgrown, minmay_hollow_rounded_squares,
          uniq_sigmund
D:7:      layout_rooms, lemuel_round_altar, mainiacjoe_overflow_paths,
          serial_rivers, chequers_serial_rivers_micro_d,
          chequers_serial_rivers_micro_a, chequers_serial_rivers_small_3,
          chequers_serial_rivers_micro_d, chequers_serial_rivers_large_b,
          gammafunk_ghost_cemetery, uniq_maggie
D:8:      minmay_the_grid_square_5x5_3x3
          [minmay_the_grid_square_5x5_fancy_junction,
          minmay_the_grid_square_5x5_shuriken,
          minmay_the_grid_square_5x5_corner, minmay_the_grid_square_5x5_lines,
          minmay_the_grid_square_5x5_megaprize_hollow,
          minmay_the_grid_square_5x5_tetrominoes,
          minmay_the_grid_square_5x5_almost_minimal,
          minmay_the_grid_square_5x5_tie, minmay_the_grid_square_5x5_six_small],
          layout_basic, minmay_misc_feat_columns, uniq_psyche
D:9:      layout_irregular_city, chequers_temple_overflow_statue_of_worship,
          orc_0_dummy, uniq_pikel
D:10:     layout_basic, lair_entry_dummy, serial_shops, shop,
          minmay_fractal_squares_gapless_7
D:11:     layout_rooms, minmay_crystal_room, minmay_microvault
D:12:     layout_basic, serial_ice, serial_ice_a, serial_ice_d, serial_ice_o,
          serial_ice_i, portal_ice_cave_entry_pillars_2, uniq_erolcha,
          uniq_sonja
D:13:     layout_basic, minmay_curled_crystal
D:14:     layout_basic, david_vaults_2, chequers_garden
D:15:     hangedman_depths_entry_civil_slaughter, layout_basic,
          nicolae_trove_entry_free_sample, nemelex_spade_bored_becter
Lair:1:   layout_regular_city, chequers_serial_rivers_small_a, st_stairs_13,
          grunt_megastairs_3, serial_bayou_shore_b, lemuel_fruit_fields
Lair:2:   layout_layer_cave, gauntlet_entry_generic
Lair:3:   layout_small_grid, guppyfry_snake_entry_garden, serial_bayou_shore_a
Lair:4:   layout_concentric_octagons, minmay_swamp_entry_wisps, minivault_19,
          st_stairs_4, serial_bayou_shore_b
Lair:5:   layout_gridlike, ebering_ghost_rock_garden, nzn_random_ring
Lair:6:   hangedman_lair_tendril_chambers, layout_long_grid, slime_altar_2,
          nicolae_volcano_entry_vermiform
Swamp:1:  layout_falls_marsh, evilmike_swamp_ruin_house_5, uniq_donald,
          uniq_frances, uniq_roxanne
Swamp:2:  layout_basic_swamp, evilmike_swamp_ruin_house_3
Swamp:3:  layout_basic_swamp, evilmike_swamp_ruin_house_6, swamp_pool3,
          nicolae_swamp_soggy_hallways, infiniplex_staircase_pool_2
Orc:1:    layout_diamond_mine, uniq_nergalle
Orc:2:    st_orc_town, layout_caves, basic_altar, hellmonk_bongcloud_opening,
          nicolae_shop_gadgets

Skill      XL: |  1  2  3  4  5  6  7  8  9 10 11 12 13 14 15 16 17 |
---------------+----------------------------------------------------+-----
Stealth        | 1 2 3 4 5 |  5.0
Dodging        | 1 2 3 4 5 7 9 11 13 14 | 14.0
Fighting       | 4 5 6 7 9 11 12 13 | 13.9
Evocations     | 3 6 8 |  8.0
Crossbows      | 1 5 6 |  6.7
Polearms       | 4 6 8 10 12 | 12.0
Shields        | 5 10 12 14 | 14.0
Conjurations   | 2 5 |  5.0
Ice Magic      | 2 5 |  5.1
Air Magic      | 2 5 |  5.1
Spellcasting   | 2 6 |  6.0
Transmutations | 2 3 |  3.3
Earth Magic    | 2 3 |  3.2
Fire Magic     | |  3.0

Action                   |  1- 3 |  4- 6 |  7- 9 | 10-12 | 13-15 | 16-18 || total
-------------------------+-------+-------+-------+-------+-------+-------++-------
Melee: Spear             |    10 |       |       |       |       |       ||    10
       Dagger            |    55 |    99 |    20 |       |       |       ||   174
       Constrict         |    18 |    29 |     6 |    63 |   118 |   102 ||   336
       Tentacles         |    16 |    22 |     9 |   159 |   488 |   312 ||  1006
       Punch             |     1 |     1 |       |     8 |    28 |    16 ||    54
       Lance             |       |       |       |   590 |  1759 |  1102 ||  3451
 Fire: Hand crossbow     |       |       |   192 |    31 |    15 |    52 ||   290
Throw: Dart              |       |       |       |     5 |     1 |     5 ||    11
 Cast: Scorch            |       |     4 |    14 |       |       |       ||    18
Invok: Fiery Armour      |       |       |     2 |     3 |       |       ||     5
       Foxfire Swarm     |       |       |       |     2 |       |       ||     2
       Call Merchant     |       |       |       |       |       |     3 ||     3
       Potion Petition   |       |       |       |       |       |     1 ||     1
Evoke: Wand              |       |     1 |     5 |    12 |     3 |     1 ||    22
       Condenser vane    |       |       |       |     1 |     2 |     2 ||     5
       Phial of floods   |       |       |       |       |       |     1 ||     1
  Use: Scroll            |       |     9 |     8 |    13 |    10 |       ||    40
       Potion            |       |       |     1 |     4 |     4 |     2 ||    11
 Stab: Sleeping          |     9 |    16 |     1 |    17 |    37 |    19 ||    99
       Distracted        |       |     1 |       |     1 |    28 |    24 ||    54
       Invisible         |       |       |       |     4 |       |       ||     4
       Paralysed         |       |       |       |     5 |       |       ||     5
       Confused          |       |       |       |       |       |     4 ||     4
Armor: Skin              |     3 |     2 |     7 |    49 |    51 |    10 ||   122
Dodge: Dodged            |    29 |    48 |    67 |   329 |   596 |   305 ||  1374
Block: Kite shield       |       |       |       |       |   516 |   456 ||   972

Table legend: (Time is in decaauts)
 A = Elapsed time spent in this place.
 B = Non-inter-level travel time spent in this place.
 C = Inter-level travel time spent in this place.
 D = Time resting spent in this place.
 E = Time spent auto-exploring this place.
 F = Levels seen in this place.
 G = Mean time per level.
                   A        B        C        D        E       F      G
               +--------+--------+--------+--------+--------+-----+--------+
         Total |  34984 |  33283 |   1701 |   9759 |  15673 |  29 | 1206.3 |
       Dungeon |  18930 |  17794 |   1136 |   4725 |   9392 |  15 | 1262.0 |
          Lair |   9260 |   8824 |    436 |   2467 |   4296 |   6 | 1543.3 |
         Swamp |   2160 |   2140 |     20 |    962 |    570 |   3 |  720.0 |
  Orcish Mines |   1840 |   1732 |    108 |    212 |    947 |   2 |  920.0 |
      Ice Cave |   1045 |   1045 |      0 |    377 |    333 |   1 | 1045.0 |
       Volcano |    405 |    405 |      0 |    121 |      0 |   1 |  405.0 |
      Gauntlet |   1342 |   1342 |      0 |    894 |    135 |   1 | 1342.0 |
               +--------+--------+--------+--------+--------+-----+--------+

Top non-repeatable levels by time:
  Lair:6: 2089 daAuts
  Lair:5: 1828 daAuts
     D:8: 1642 daAuts
    D:10: 1492 daAuts
  Lair:4: 1490 daAuts
     D:7: 1480 daAuts
     D:5: 1454 daAuts
  Lair:1: 1447 daAuts
     D:6: 1414 daAuts
    D:15: 1401 daAuts
     D:9: 1348 daAuts
Gauntlet: 1342 daAuts
     D:4: 1293 daAuts
  Lair:2: 1287 daAuts
    D:14: 1242 daAuts
